cohdb
Replays
Latest Replays
All Replays
Popular Replays
Top Player Replays
Match Explorer
How It Works
Community
CoH3 Stats
Reddit
Sign in to upload your games and track your stats! →
Sign in with Steam
havoc vs prabuty
Match 18067226
Overview
Messages
Build Orders
End
Kradschützen Motorcycle Team
Selects Italian Infantry
Panzergrenadier Squad
Panzergrenadier Squad
Construct Light Support Kompanie
MG34 Team
Fire Support Elements
2.5-tonne Medical Truck
Flakvierling Half-track
Selects Guastatori Squad
Selects Registered Artillery
Guastatori Squad
Pak 38 Anti-tank Gun Team
Construct Panzerarmee Kommand
Selects Defensive Operations
Selects Territory Booby Traps
Panzer III L Medium Tank
Guastatori Squad
Emergency Repair Kits
Selects Propaganda War
Panzer III L Medium Tank
Panzer III L Medium Tank
Rapid Advance
Registered Artillery
Panzer III L Medium Tank
Registered Artillery
Selects Towed Cannone da 105/28 Field Howitzer
Panzer III L Medium Tank
Panzer III L Medium Tank
Panzer III L Medium Tank
Panzerpioneer Squad
Registered Artillery
Pak 38 Anti-tank Gun Team
Panzer III L Medium Tank
Registered Artillery
Panzer III L Medium Tank
AI Takeover
prabuty wins
RtN.havoc
0
0
Comments
sign in to comment!
No comments posted yet!